[Event "Team 45 45 League T46"]
[Site "Internet Chess Club"]
[Date "2010.09.11"]
[Round "6"]
[White "dinosaurs01"]
[Black "kidcobra"]
[Result "0-1"]
[WhiteElo "1302"]
[BlackElo "1639"]
[Opening "Vienna gambit"]
[ECO "C29"]
[Time "14:01:35"]
[TimeControl "2700+45"]

1. e4 e5 2. Nc3 Nf6 3. f4 exf4 4. e5 Ng8 5. d4 Qh4+ 6. Ke2 b6 7. Nd5 Ba6+ 8. Kd2
Qf2+ 9. Ne2 Bxe2 10. Qxe2 Qxd4+ 11. Qd3 Qxe5 12. Be2 Ne7 13. Bf3 c6 14. Re1 Qd6
15. Nc3 Qxd3+ 16. Kxd3 Kd8 17. Bxf4 d5 18. Rad1 Nd7 19. Kd2 Ng6 20. Bg3 Bb4 21.
a3 Bxc3+ 22. Kxc3 Nc5 23. Kd2 Re8 24. Rxe8+ Kxe8 25. Re1+ Kd7 26. Bg4+ Ne6 27.
Rf1 Ke7 28. Re1 Rf8 29. h4 f5 30. Bh3 Kd7 31. Bh2 Ngf4 32. Bxf4 Nxf4 33. Re3
Nxh3 34. Rxh3 f4 35. Rf3 Ke6 36. Ke2 Ke5 37. g3 Rf5 38. g4 Rf6 39. Rc3 Ke4 40.
Rf3 h6 41. b3 Rg6 42. Kf2 Rxg4 43. h5 Rg3 44. Rxg3 fxg3+ 45. Kxg3 Ke3 46. Kg4
Kd2 47. Kf5 Kxc2 48. Kg6 d4 49. Kxg7 d3 50. Kxh6 d2 {White resigns} 0-1

[Event "Team 45 45 League T46"]
[Site "Internet Chess Club"]
[Date "2010.09.12"]
[Round "6"]
[White "civilization"]
[Black "zepled37"]
[Result "1/2-1/2"]
[WhiteElo "1665"]
[BlackElo "1735"]
[Opening "Sicilian: Alapin's variation (2.c3)"]
[ECO "B22"]
[Time "15:15:08"]
[TimeControl "2700+45"]

1. e4 c5 2. c3 d5 3. exd5 Qxd5 4. d4 e6 5. Nf3 Nf6 6. Be2 Nc6 7. Na3 Qd8 8. Nc2
Be7 9. O-O O-O 10. Be3 cxd4 11. Ncxd4 Nxd4 12. Qxd4 Qxd4 13. Bxd4 Bd7 14. Rfd1
Rfd8 15. Rd2 Bc6 16. Rad1 Nd5 17. Ne5 Be8 18. Bc4 f6 19. Bxd5 Rxd5 20. Nf3 Bh5
21. Be3 Bxf3 22. gxf3 Rad8 23. Rxd5 exd5 24. a3 b6 25. Kg2 Kf7 26. Kg3 Ke6 27.
h4 h5 28. f4 Kf5 29. Kf3 g5 30. fxg5 fxg5 31. hxg5 Bxg5 32. Bxg5 Kxg5 33. Rg1+
Kh6 34. Re1 Rd7 35. Re6+ Kg5 36. Re5+ Kh4 37. Kf4 Rf7+ 38. Ke3 Kg4 39. Ke2 h4
40. Rxd5 h3 41. Kf1 Rh7 42. Rd4+ Kf3 43. Rd3+ Ke4 44. Rd4+ Kf5 45. Kg1 Rg7+ 46.
Kh2 Rg2+ 47. Kxh3 Rxf2 {Game drawn by mutual agreement} 1/2-1/2

[Event "Team 45 45 League T46"]
[Site "Internet Chess Club"]
[Date "2010.09.12"]
[Round "6"]
[White "MaxII"]
[Black "Theodulf"]
[Result "1-0"]
[WhiteElo "1636"]
[BlackElo "1579"]
[Opening "Petrov: classical attack, Jaenisch variation"]
[ECO "C42"]
[Time "08:07:40"]
[TimeControl "2700+45"]

1. e4 e5 2. Nf3 Nf6 3. Nxe5 d6 4. Nf3 Nxe4 5. d4 d5 6. Bd3 Be7 7. O-O Nc6 8. c4
Bg4 9. Nc3 f5 10. Qa4 Nxc3 11. bxc3 O-O 12. cxd5 Bxf3 13. gxf3 Nb8 14. Bc4 Bd6
15. Kh1 Nd7 16. Rg1 Nb6 17. Qb3 Qh4 18. Rg2 Rae8 19. Bd2 Qh5 20. Bb5 Re7 21. Bg5
Ref7 22. Re1 Bxh2 23. Rxh2 Qxg5 24. Be8 Rf6 25. d6+ Kh8 26. d7 Rd6 27. Rg1 Qf4
28. Rh3 Nxd7 29. Bxd7 Rxd7 30. Qxb7 g5 31. Qxa7 Rg7 32. Qc5 Rfg8 33. Qd5 g4 34.
Rh4 Rg6 35. Rg3 Rh6 36. Rxh6 Qxh6+ 37. Kg2 Qf8 38. fxg4 Rxg4 39. Qe5+ Kg8 40.
Rxg4+ fxg4 41. Qg5+ Qg7 42. Qxg7+ Kxg7 43. Kg3 h5 44. a4 Kf6 45. a5 {Black
resigns} 1-0

[Event "Team 45 45 League T46"]
[Site "Internet Chess Club"]
[Date "2010.09.13"]
[Round "6"]
[White "jacknor"]
[Black "SpeedBlade"]
[Result "1-0"]
[WhiteElo "1488"]
[BlackElo "1452"]
[Opening "Caro-Kann: exchange, Rubinstein variation"]
[ECO "B13"]
[Time "14:01:15"]
[TimeControl "2700+45"]

1. e4 c6 2. d4 d5 3. exd5 cxd5 4. Bd3 Nc6 5. c3 Nf6 6. Bf4 Bg4 7. Nf3 e6 8. Nbd2
Bd6 9. Bxd6 Qxd6 10. O-O Bh5 11. Re1 Bg6 12. Nb3 Bxd3 13. Qxd3 O-O 14. Ne5 Nxe5
15. Rxe5 Ng4 16. Qg3 Nxe5 17. dxe5 Qc7 18. Re1 a5 19. Nd4 Qd7 20. Nf3 b5 21. h4
b4 22. h5 h6 23. Nh2 bxc3 24. bxc3 Qe7 25. f4 Rab8 26. Ng4 Kh8 27. Rf1 Rb2 28.
f5 exf5 29. Rxf5 Rxa2 30. Nf6 gxf6 31. Rxf6 Rg8 32. Rxh6# {Black checkmated} 1-0

[Event "Team 45 45 League T46"]
[Site "Internet Chess Club"]
[Date "2010.09.12"]
[Round "6"]
[White "sly20"]
[Black "allanchs"]
[Result "1/2-1/2"]
[WhiteElo "1446"]
[BlackElo "1527"]
[Opening "KP: Indian opening"]
[ECO "C20"]
[Time "12:00:16"]
[TimeControl "2700+45"]

1. e4 e5 2. d3 Nf6 3. c3 Nc6 4. Nf3 d5 5. Qc2 dxe4 6. dxe4 Bd6 7. h3 h6 8. Be2
Be6 9. O-O O-O 10. Nbd2 Qe7 11. Nc4 Rfd8 12. b4 a6 13. Be3 Rd7 14. a4 Rad8 15.
b5 Bxc4 16. Bxc4 axb5 17. axb5 Nb8 18. Be2 Bc5 19. Bxc5 Qxc5 20. Ra2 c6 21. c4
cxb5 22. cxb5 Qxc2 23. Rxc2 Nxe4 24. Nxe5 Re7 25. Nf3 Nf6 26. Rfc1 Rde8 27. Bf1
{Game drawn by mutual agreement} 1/2-1/2

[Event "Team 45 45 League T46"]
[Site "Internet Chess Club"]
[Date "2010.09.12"]
[Round "6"]
[White "mitus"]
[Black "Eyechess"]
[Result "1/2-1/2"]
[WhiteElo "1731"]
[BlackElo "1833"]
[Opening "French: Rubinstein variation"]
[ECO "C10"]
[Time "17:00:11"]
[TimeControl "2700+45"]

1. e4 e6 2. d4 d5 3. Nc3 dxe4 4. Nxe4 Be7 5. Nf3 Nf6 6. Bd3 Nbd7 7. O-O Nxe4 8.
Bxe4 c5 9. Be3 Nf6 10. Bd3 cxd4 11. Bxd4 O-O 12. Re1 b6 13. c3 Bb7 14. Bxf6 Bxf6
15. Be4 Bxe4 16. Rxe4 Qc7 17. Qc2 Rfd8 18. Ree1 Rac8 19. Rad1 Qc4 20. a3 h6 21.
Rxd8+ Rxd8 22. Rd1 Rxd1+ 23. Qxd1 Qa2 24. Qc1 e5 25. h3 e4 26. Nd4 Bg5 27. Qc2
e3 28. fxe3 Bxe3+ 29. Kh2 Bf4+ 30. g3 Bd6 31. Qg2 a6 32. Qa8+ Bf8 33. Qg2 b5
{Game drawn by mutual agreement} 1/2-1/2

[Event "Team 45 45 League T46"]
[Site "Internet Chess Club"]
[Date "2010.09.10"]
[Round "6"]
[White "Packerfan"]
[Black "PostMike"]
[Result "1/2-1/2"]
[WhiteElo "1608"]
[BlackElo "1502"]
[Opening "Sicilian: Alapin's variation (2.c3)"]
[ECO "B22"]
[Time "14:30:21"]
[TimeControl "2700+45"]

1. e4 c5 2. c3 Nf6 3. e5 Nd5 4. d4 e6 5. Nf3 cxd4 6. cxd4 d6 7. Nc3 Nc6 8. Nxd5
exd5 9. exd6 Bxd6 10. Be2 O-O 11. O-O Qb6 12. a3 Bd7 13. b4 a6 14. Be3 Rfc8 15.
Ne5 Qd8 16. Nxd7 Qxd7 17. Bg4 f5 18. Bf3 Qf7 19. Qb3 Ne7 20. Rac1 b5 21. Rfe1
Rc4 22. Be2 Rxc1 23. Rxc1 Rc8 24. Bf3 Rxc1+ 25. Bxc1 h6 26. g3 Qe6 27. Be3 g5
28. a4 f4 29. Bd2 fxg3 30. hxg3 Kg7 31. axb5 axb5 32. Qa2 g4 33. Bg2 Bc7 34. Qc2
Qb6 35. Qc5 Nf5 36. Bxd5 Nxd4 37. Bc3 Qxc5 38. bxc5 Be5 39. Kf1 Kf6 40. c6 Nxc6
41. Bxc6 Bxc3 42. Bxb5 Kg5 43. Ke2 Bd4 44. Bd7 Bb6 45. f4+ gxf3+ 46. Kxf3 h5
{Game drawn by mutual agreement} 1/2-1/2

[Event "Team 45 45 League T46"]
[Site "Internet Chess Club"]
[Date "2010.09.11"]
[Round "6"]
[White "clarinetref"]
[Black "chesskix"]
[Result "1-0"]
[WhiteElo "1664"]
[BlackElo "1424"]
[Opening "King's Indian: fianchetto without c4"]
[ECO "A49"]
[Time "20:05:14"]
[TimeControl "2700+45"]

1. Nf3 Nf6 2. d4 g6 3. g3 Bg7 4. Bg2 O-O 5. O-O d5 6. h3 c6 7. Nbd2 Nbd7 8. b3
b5 9. Bb2 Nb6 10. Re1 Bf5 11. Rc1 Rc8 12. Ne5 Ne4 13. Nxe4 dxe4 14. g4 Be6 15.
Bxe4 Bd5 16. Bxd5 Nxd5 17. e4 Nf4 18. Qf3 Bxe5 19. dxe5 Ne6 20. Rcd1 Qb6 21. Rd7
Ng5 22. Qe3 Qxe3 23. Rxe3 a5 24. f4 Ne6 25. f5 Nc5 26. Rxe7 Rcd8 27. Re2 Rd1+
28. Kg2 Rfd8 29. e6 h5 30. Rxf7 hxg4 31. Rg7+ Kf8 32. e7+ Ke8 33. exd8=Q+ Kxd8
34. hxg4 gxf5 35. Bf6+ Kc8 36. exf5 Ne4 37. Rxe4 Rd2+ 38. Kf3 Rd8 39. Bxd8 Kxd8
40. f6 {Black resigns} 1-0

[Event "Team 45 45 League T46"]
[Site "Internet Chess Club"]
[Date "2010.09.09"]
[Round "6"]
[White "MCJR"]
[Black "tryanything"]
[Result "1-0"]
[WhiteElo "1446"]
[BlackElo "1551"]
[Opening "Queen's bishop game"]
[ECO "D02"]
[Time "19:52:16"]
[TimeControl "2700+45"]

1. d4 Nf6 2. Nf3 d5 3. Bf4 e6 4. e3 c5 5. c3 Nc6 6. Ne5 Nd7 7. Nd2 Ndxe5 8. dxe5
g6 9. Nf3 Bg7 10. Bd3 O-O 11. h4 h5 12. Qc2 Qc7 13. O-O-O Bxe5 14. Nxe5 Nxe5 15.
Bxe5 Qxe5 16. g4 b6 17. gxh5 Qxh5 18. Rdg1 Kh8 19. Rg5 Qf3 20. Rhg1 e5 21. Bxg6
fxg6 22. Qxg6 {Black resigns} 1-0

[Event "Team 45 45 League T46"]
[Site "Internet Chess Club"]
[Date "2010.09.14"]
[Round "6"]
[White "bayoumicardio10"]
[Black "Andressa"]
[Result "1-0"]
[WhiteElo "1635"]
[BlackElo "1489"]
[Opening "Scotch gambit"]
[ECO "C44"]
[Time "19:31:22"]
[TimeControl "2700+45"]

1. e4 e5 2. Nf3 Nc6 3. d4 exd4 4. Bc4 h6 5. Nxd4 Qf6 6. Nb5 Bd6 7. O-O a6 8.
Nxd6+ Qxd6 9. Qxd6 cxd6 10. c3 Nf6 11. Bf4 Ne5 12. Bb3 O-O 13. f3 Re8 14. Rd1
Nh5 15. Be3 b5 16. Rxd6 Nc4 17. Bxc4 bxc4 18. Nd2 f5 19. Kf2 fxe4 20. Nxe4 a5
21. g4 Nf6 22. Nxf6+ gxf6 23. Rxf6 d5 24. Rxh6 Kf7 25. h4 {Black resigns} 1-0

[Event "Team 45 45 League T46"]
[Site "Internet Chess Club"]
[Date "2010.09.11"]
[Round "6"]
[White "redarmy44"]
[Black "OneWay"]
[Result "1-0"]
[WhiteElo "1435"]
[BlackElo "1581"]
[Opening "Scandinavian: Marshall variation"]
[ECO "B01"]
[Time "15:00:17"]
[TimeControl "2700+45"]

1. e4 d5 2. exd5 Nf6 3. d4 Nxd5 4. c4 Nf6 5. Nc3 e6 6. Nf3 Be7 7. Bd3 O-O 8. O-O
c6 9. Bg5 Nbd7 10. Re1 b6 11. Ne5 Bb7 12. Qc2 g6 13. Rad1 Rc8 14. Qe2 c5 15.
Nxd7 Nxd7 16. Bxe7 Qxe7 17. d5 Qg5 18. Ne4 Qe5 19. Qd2 exd5 20. Nxc5 Qc7 21.
Nxb7 Qxb7 22. Be2 Ne5 23. Qxd5 Qxd5 24. cxd5 Rc2 25. Bf1 Ng4 26. Re2 Rfc8 27. d6
Rxe2 28. Bxe2 Ne5 29. d7 Rd8 30. f4 Nc6 31. Bb5 Nb8 32. Kf2 a6 33. Be2 Rxd7 34.
Rxd7 Nxd7 35. Bxa6 Nc5 36. Bb5 f6 37. b4 Ne4+ 38. Ke3 Nd6 39. Bc6 Kf8 40. Kd4
Ke7 41. a4 Kd8 42. Kd5 Kc7 43. a5 bxa5 44. bxa5 Nc8 45. Kc5 Na7 46. Bd5 h6 47.
a6 g5 48. fxg5 fxg5 49. h3 Nc8 50. Bb7 Na7 51. Kd5 Kd7 52. Ke5 Ke7 53. g4 Nb5
54. Kf5 Kf7 55. Bd5+ Kg7 56. Ke5 Kg6 57. Bc6 Na7 58. Be4+ Kg7 59. Kd6 Kf6 60.
Bb7 Kg6 61. Kc5 h5 62. Kb6 {Black resigns} 1-0

[Event "Team 45 45 League T46"]
[Site "Internet Chess Club"]
[Date "2010.09.14"]
[Round "6"]
[White "quotha"]
[Black "Juan73"]
[Result "1-0"]
[WhiteElo "1608"]
[BlackElo "1626"]
[Opening "Queen's pawn game, Chigorin variation"]
[ECO "D02"]
[Time "08:09:40"]
[TimeControl "2700+45"]

1. d4 d5 2. Nf3 Nc6 3. c4 dxc4 4. e4 Bg4 5. d5 Bxf3 6. Qxf3 Ne5 7. Qc3 Nd3+ 8.
Bxd3 cxd3 9. Qxd3 Qd7 10. O-O e6 11. Bf4 exd5 12. Nc3 d4 13. Nb5 Bd6 14. Bxd6
cxd6 15. Rac1 Rc8 16. Rxc8+ Qxc8 17. Nxd6+ {Black resigns} 1-0

[Event "Team 45 45 League T46"]
[Site "Internet Chess Club"]
[Date "2010.09.11"]
[Round "6"]
[White "PANAMA-REY"]
[Black "Lyko"]
[Result "1/2-1/2"]
[WhiteElo "1488"]
[BlackElo "1482"]
[Opening "French: advance, Paulsen attack"]
[ECO "C02"]
[Time "14:04:40"]
[TimeControl "2700+45"]

1. e4 e6 2. d4 d5 3. e5 c5 4. c3 Nc6 5. Nf3 Qb6 6. a3 Nge7 7. b4 cxd4 8. cxd4
Nf5 9. Bb2 Be7 10. Be2 O-O 11. O-O f6 12. g4 Nh6 13. Nc3 fxe5 14. Na4 Qc7 15.
Nxe5 Nxe5 16. dxe5 Bh4 17. Rc1 Qf7 18. Nc5 Bxf2+ 19. Rxf2 Qxf2+ 20. Kh1 Rf4 21.
Nd3 Qe3 22. Nxf4 Qxf4 23. h3 b6 24. Bf3 Bb7 25. Qe2 Rb8 26. Rf1 Qg3 27. Bg2 Nf7
28. Rf3 Qh4 29. Qf1 Ng5 30. Rf2 Ne4 31. Bxe4 dxe4 32. Kh2 e3 33. Rf7 Ba6 34. b5
Bxb5 35. Qc1 Kxf7 36. Qc7+ Qe7 37. Qxb8 e2 38. Bc3 Qxa3 39. Qc7+ Kg6 40. Qc8 Qe7
41. Qa8 Qc7 42. Qe4+ Kf7 43. Qf3+ Ke8 44. Qa8+ Kd7 45. Qf3 Ke7 46. Bb4+ Kd7 47.
Qf7+ Kc8 48. Qxe6+ Kb7 49. Qd5+ Qc6 50. Qf7+ Qc7 51. Qd5+ Qc6 52. Qf7+ Qd7 53.
Qf3+ Qc6 54. Qf7+ Qc7 55. Qd5+ {Game drawn by repetition} 1/2-1/2

[Event "Team 45 45 League T46"]
[Site "Internet Chess Club"]
[Date "2010.09.11"]
[Round "6"]
[White "SlimeDog2"]
[Black "upsan"]
[Result "1-0"]
[WhiteElo "2147"]
[BlackElo "1909"]
[Opening "Dutch defense"]
[ECO "A40"]
[Time "21:02:53"]
[TimeControl "2700+45"]

1. d4 e6 2. c4 f5 3. Nf3 Nf6 4. Qc2 Be7 5. g3 O-O 6. Bg2 c6 7. O-O d5 8. b3 Ne4
9. Ba3 Bxa3 10. Nxa3 Qe7 11. Qb2 Bd7 12. e3 Be8 13. b4 Nd7 14. b5 Ndf6 15. Ne5
dxc4 16. bxc6 Bxc6 17. Nxc6 bxc6 18. Nxc4 Rab8 19. Qc2 c5 20. Ne5 Rbc8 21. Rac1
Rc7 22. f3 Nd6 23. dxc5 Nf7 24. Nxf7 Kxf7 25. f4 Rfc8 26. c6 Qa3 27. Qd2 Ne4 28.
Bxe4 fxe4 29. Rc3 Qa5 30. Rfc1 Qd5 31. Qc2 Rd8 32. Rb1 Kf8 33. Rb4 Qd1+ 34. Qxd1
Rxd1+ 35. Kg2 Rd3 36. Rc2 {Black resigns} 1-0

[Event "Team 45 45 League T46"]
[Site "Internet Chess Club"]
[Date "2010.09.12"]
[Round "6"]
[White "King96"]
[Black "AncientTurnip"]
[Result "0-1"]
[WhiteElo "1705"]
[BlackElo "1798"]
[Opening "Kevitz-Trajkovich defense"]
[ECO "A50"]
[Time "04:03:50"]
[TimeControl "2700+45"]

1. d4 Nf6 2. c4 Nc6 3. Nf3 e6 4. a3 d5 5. Nc3 a6 6. cxd5 exd5 7. Bg5 Be7 8. e3
O-O 9. Bd3 h6 10. Bh4 Re8 11. h3 Be6 12. O-O Na5 13. Ne5 Nc4 14. Bxc4 dxc4 15.
Qf3 Rb8 16. Rad1 c6 17. e4 Qc7 18. d5 cxd5 19. exd5 Nxd5 20. Bg3 Nxc3 21. Ng6
Qc5 22. b4 cxb3 23. Nxe7+ Qxe7 24. Qxc3 Rbc8 25. Qe5 Qxa3 26. Rfe1 b2 27. Rb1
Rc1 28. f3 Bd7 29. Qd6 Rexe1+ 30. Bxe1 Qxd6 {White resigns} 0-1

[Event "Team 45 45 League T46"]
[Site "Internet Chess Club"]
[Date "2010.09.14"]
[Round "6"]
[White "musk6868"]
[Black "Buford-Julep"]
[Result "1-0"]
[WhiteElo "1822"]
[BlackElo "1658"]
[Opening "French: Tarrasch, Guimard variation"]
[ECO "C04"]
[Time "20:47:52"]
[TimeControl "2700+45"]

1. e4 e6 2. d4 d5 3. Nd2 Nc6 4. c3 e5 5. exd5 Qxd5 6. Qf3 Nf6 7. Bc4 Qxf3 8.
Ndxf3 Bd6 9. dxe5 Nxe5 10. Nxe5 Bxe5 11. Nf3 Bd6 12. O-O O-O 13. Nd4 Re8 14. Nb5
Be5 15. f4 Bd6 16. Nxd6 cxd6 17. f5 d5 18. Bd3 Bd7 19. Bf4 Bc6 20. Rad1 h6 21.
Rfe1 Rad8 22. Be3 Ne4 23. Bd4 Bd7 24. Rf1 b6 25. Rf4 Ba4 26. b3 Bd7 27. Rg4 g6
28. Rh4 Kh7 29. fxg6+ fxg6 30. Bxe4 dxe4 31. Bf6 e3 32. Bxd8 e2 33. Re1 {Black
resigns} 1-0

[Event "Team 45 45 League T46"]
[Site "Internet Chess Club"]
[Date "2010.09.11"]
[Round "6"]
[White "oldsj"]
[Black "BotanicalKnight"]
[Result "1/2-1/2"]
[WhiteElo "1649"]
[BlackElo "1609"]
[Opening "Caro-Kann: exchange variation"]
[ECO "B13"]
[Time "08:01:44"]
[TimeControl "2700+45"]

1. e4 c6 2. d4 d5 3. exd5 Qxd5 4. c4 Qd8 5. Nf3 Bg4 6. Be2 e6 7. O-O Nf6 8. Nc3
Be7 9. Bf4 O-O 10. h3 Bh5 11. Re1 Bd6 12. Bg5 Nbd7 13. Ne4 Be7 14. Nxf6+ Nxf6
15. Ne5 Bxe2 16. Rxe2 Nd7 17. Bf4 Nxe5 18. dxe5 Qxd1+ 19. Rxd1 Rfd8 20. Red2
Rxd2 21. Rxd2 Rd8 22. Rxd8+ Bxd8 23. Be3 a6 24. Bc5 b6 25. Bd6 b5 26. cxb5 axb5
27. Kf1 h6 28. Ke2 f6 29. Kd3 Kf7 30. Kc3 Bb6 31. f3 f5 32. Kb4 h5 33. Bc5 Bc7
34. Bd4 Ke8 35. f4 Kd7 36. h4 g6 37. g3 Bd8 38. Bc5 Bc7 39. Ba7 Kc8 40. Bc5 Kb7
41. a4 bxa4 42. Kxa4 Ka6 43. b4 Bd8 44. Kb3 Kb5 45. Kc3 Bc7 46. Kd4 Bd8 47. Kc3
{Game drawn by mutual agreement} 1/2-1/2

[Event "Team 45 45 League T46"]
[Site "Internet Chess Club"]
[Date "2010.09.13"]
[Round "6"]
[White "Eyechess"]
[Black "Caminator"]
[Result "1-0"]
[WhiteElo "1852"]
[BlackElo "1879"]
[Opening "QGD Slav: 3.Nf3"]
[ECO "D11"]
[Time "22:45:04"]
[TimeControl "2700+45"]

1. d4 d5 2. c4 c6 3. Nf3 e6 4. g3 dxc4 5. Bg2 Nf6 6. O-O Qc7 7. Bg5 Nbd7 8. Qc2
b5 9. b3 cxb3 10. axb3 Bb7 11. Rc1 Be7 12. Nc3 Qb6 13. Ne4 h6 14. Nxf6+ Nxf6 15.
Bd2 b4 16. Ne5 Kf8 17. e3 g6 18. Nc4 Qd8 19. Na5 Rb8 20. Nxb7 Rxb7 21. Qxc6 Rd7
22. Ra4 {Black resigns} 1-0

[Event "Team 45 45 League T46"]
[Site "Internet Chess Club"]
[Date "2010.09.12"]
[Round "6"]
[White "natethegreat"]
[Black "Goli"]
[Result "0-1"]
[WhiteElo "1841"]
[BlackElo "1842"]
[Opening "Robatsch (modern) defense"]
[ECO "B06"]
[Time "16:32:33"]
[TimeControl "2700+45"]

1. e4 g6 2. d4 Bg7 3. c3 d6 4. Bd3 Nf6 5. Ne2 O-O 6. O-O e5 7. d5 c6 8. dxc6
bxc6 9. f4 Ng4 10. h3 Qb6+ 11. Kh1 Nf2+ 12. Rxf2 Qxf2 13. Qg1 Qh4 14. Qe3 exf4
15. Nxf4 Be5 16. Bd2 {White resigns} 0-1

[Event "Team 45 45 League T46"]
[Site "Internet Chess Club"]
[Date "2010.09.14"]
[Round "6"]
[White "randallsr"]
[Black "vkpanch"]
[Result "1-0"]
[WhiteElo "1722"]
[BlackElo "1668"]
[Opening "Réti opening"]
[ECO "A13"]
[Time "21:35:38"]
[TimeControl "2700+45"]

1. Nf3 e6 2. c4 Nf6 3. b3 Be7 4. Bb2 O-O 5. g3 d5 6. Bg2 c5 7. cxd5 exd5 8. O-O
Nc6 9. Ne5 Qc7 10. Nxc6 bxc6 11. d3 Re8 12. Nd2 d4 13. Ne4 Nxe4 14. Bxe4 Bg5 15.
Qc2 Qd6 16. Ba3 f5 17. Bxc5 Qh6 18. f4 fxe4 19. fxg5 Qxg5 20. Rf4 Ba6 21. dxe4
d3 22. exd3 Bxd3 23. Qxd3 Qxc5+ 24. Kg2 Rad8 25. Qe2 Qd4 26. Rc1 Qd2 27. Rc2
Qxe2+ 28. Rxe2 Re5 29. Rf5 Rxf5 30. exf5 Rd5 31. g4 h5 32. h3 Kf7 33. Kg3 hxg4
34. hxg4 a5 35. Re4 g6 36. Kf4 gxf5 37. gxf5 Rd2 38. Ra4 Rd5 39. Kg5 Rc5 40. Rc4
Rd5 41. Rxc6 Rd2 42. Rc7+ Kf8 43. a4 Rg2+ 44. Kf6 Re2 45. Rc8+ Re8 46. Rxe8+
Kxe8 47. Ke6 Kf8 48. Kd5 Kf7 49. Kc5 Kf6 50. Kb5 Kxf5 51. Kxa5 Ke6 52. Kb6 Kd6
53. b4 Kd7 54. Kb7 Kd6 55. a5 Kd5 56. b5 Kc5 57. b6 Kb5 58. a6 Kc5 59. a7 Kb5
60. a8=Q Kc5 61. Kc7 Kb5 62. Qc6+ Kb4 63. b7 Ka3 64. b8=Q Ka2 65. Qca8# {Black
checkmated} 1-0

[Event "Team 45 45 League T46"]
[Site "Internet Chess Club"]
[Date "2010.09.11"]
[Round "6"]
[White "soccerisfun"]
[Black "elessar"]
[Result "1/2-1/2"]
[WhiteElo "1716"]
[BlackElo "1706"]
[Opening "Caro-Kann: advance variation"]
[ECO "B12"]
[Time "18:00:14"]
[TimeControl "2700+45"]

1. e4 c6 2. d4 d5 3. e5 Bf5 4. Nf3 e6 5. Bd3 Bxd3 6. Qxd3 Qa5+ 7. Bd2 Qa6 8. Qe3
Ne7 9. Nc3 Ng6 10. h4 h5 11. Ne2 Nd7 12. a3 c5 13. c3 c4 14. Ng5 Be7 15. Nf4
Bxg5 16. hxg5 Nxf4 17. Qxf4 g6 18. g4 Ke7 19. gxh5 Qa4 20. Ke2 Qc2 21. Qf3 Qf5
22. Qxf5 exf5 23. hxg6 fxg6 24. f4 Kf7 25. Kf3 Rag8 26. Rxh8 Rxh8 27. Re1 Ke6
28. Kg2 Nb6 29. Rb1 Rh7 30. b4 cxb3 31. Rxb3 Nc4 32. Be1 b6 33. Bf2 {Game drawn
by mutual agreement} 1/2-1/2

[Event "Team 45 45 League T46"]
[Site "Internet Chess Club"]
[Date "2010.09.12"]
[Round "6"]
[White "Despair"]
[Black "Zumbi"]
[Result "1/2-1/2"]
[WhiteElo "1986"]
[BlackElo "2004"]
[Opening "Mieses opening"]
[ECO "A00"]
[Time "09:19:58"]
[TimeControl "2700+45"]

1. d3 e5 2. b3 Nc6 3. g3 h6 4. Bg2 Nf6 5. Nf3 d5 6. Bb2 Bd6 7. Nbd2 O-O 8. O-O
Bf5 9. c4 d4 10. a3 a5 11. Qc2 Qd7 12. c5 Be7 13. Rfe1 Qe6 14. Nh4 Bh3 15. e3
Bxg2 16. Nxg2 Qd5 17. exd4 exd4 18. Rac1 g5 19. Qc4 Rfe8 20. Qxd5 Nxd5 21. h3
Bf8 22. Rxe8 Rxe8 23. Nf3 Bg7 24. Re1 Rd8 25. h4 g4 26. Nh2 f5 27. Rc1 Nc3 28.
Kf1 Be5 29. h5 Rd5 30. Bxc3 dxc3 31. Ne3 Rxd3 32. Nxf5 Nd4 33. Nxg4 c2 34. Ke1
Nf3+ 35. Ke2 Rd2+ 36. Kxf3 Bb2 37. Rxc2 Rxc2 38. c6 Rc3+ 39. Ke2 Rxb3 40. Ngxh6+
Kh7 41. cxb7 Rxb7 42. g4 Bc1 43. Nf7 c5 44. g5 Kg8 45. g6 Bxa3 46. Ng5 Bc1 47.
Ne4 a4 48. h6 Bxh6 49. Nxh6+ Kg7 50. Nxc5 Rb2+ 51. Kd3 a3 52. Nf5+ Kxg6 53. Nd4
a2 54. Ncb3 Rxf2 55. Kc3 Kf6 {Game drawn by mutual agreement} 1/2-1/2

[Event "Team 45 45 League T46"]
[Site "Internet Chess Club"]
[Date "2010.09.12"]
[Round "6"]
[White "Tobiasdelmonte"]
[Black "tsia68"]
[Result "1-0"]
[WhiteElo "1910"]
[BlackElo "1882"]
[Opening "King's Indian: fianchetto, classical variation"]
[ECO "E67"]
[Time "11:01:10"]
[TimeControl "2700+45"]

1. d4 Nf6 2. Nf3 g6 3. c4 Bg7 4. g3 O-O 5. Bg2 d6 6. O-O Nbd7 7. Nc3 e5 8. e3 c6
9. Qc2 Qc7 10. b3 b6 11. Bb2 Bb7 12. Rac1 Rfe8 13. Rfe1 Rac8 14. Qd2 Qb8 15.
dxe5 dxe5 16. Rcd1 Bf8 17. Ne4 Nxe4 18. Qxd7 Rcd8 19. Qg4 f5 20. Qh4 Bg7 21.
Rxd8 Qxd8 22. Qxd8 Rxd8 23. Bxe5 Bxe5 24. Nxe5 Rd2 25. Bxe4 fxe4 26. Kg2 Kg7 27.
h4 h5 28. c5 b5 29. Kf1 Rd5 30. f4 exf3 31. Nxf3 Rxc5 32. Ng5 Re5 33. Rd1 Bc8
34. Rc1 c5 35. e4 Bg4 36. Kf2 Kf6 37. Ke3 Ke7 38. Kf4 Kf6 39. Nf7 Re6 40. Nd6 c4
41. bxc4 bxc4 42. Rxc4 Re7 43. Rc6 Bd7 44. Ra6 Be6 45. e5+ Kg7 46. a3 Bd5 47. a4
Kh6 48. Nf5+ {Black resigns} 1-0

[Event "Team 45 45 League T46"]
[Site "Internet Chess Club"]
[Date "2010.09.11"]
[Round "6"]
[White "PJ"]
[Black "vaknight"]
[Result "0-1"]
[WhiteElo "1687"]
[BlackElo "1722"]
[Opening "Sicilian: closed, 6.Be3"]
[ECO "B26"]
[Time "08:05:01"]
[TimeControl "2700+45"]

1. e4 c5 2. Nc3 Nc6 3. g3 g6 4. Bg2 Bg7 5. d3 d6 6. Be3 Nf6 7. h3 Rb8 8. Qd2 b5
9. Bh6 Bf8 10. Bxf8 Rxf8 11. f4 Qc7 12. Nf3 b4 13. Ne2 h5 14. O-O Nh7 15. f5
gxf5 16. exf5 Nf6 17. Ng5 Bb7 18. Nf4 Nd4 19. Ne4 Nxe4 20. dxe4 Ba6 21. Rf2 Rg8
22. Nxh5 Kd7 23. e5 Rh8 24. c3 bxc3 25. bxc3 Nb5 26. e6+ fxe6 27. fxe6+ Kc8 28.
Qf4 Rxh5 29. Qa4 Qb6 30. c4 Re5 31. cxb5 Qxb5 32. Rf8+ Kc7 33. Rxb8 Qxa4 34.
Rab1 Re1+ {White resigns} 0-1

[Event "Team 45 45 League T46"]
[Site "Internet Chess Club"]
[Date "2010.09.12"]
[Round "6"]
[White "Egmont"]
[Black "Konstantinos"]
[Result "0-1"]
[WhiteElo "1671"]
[BlackElo "1736"]
[Opening "Sicilian: Nimzovich-Rossolimo attack (without ...d6)"]
[ECO "B30"]
[Time "10:00:14"]
[TimeControl "2700+45"]

1. e4 c5 2. Nf3 Nc6 3. Bb5 d6 4. Bxc6+ bxc6 5. c4 d5 6. exd5 cxd5 7. d4 dxc4 8.
Qa4+ Qd7 9. Qxc4 cxd4 10. O-O Nf6 11. Ne5 Qe6 12. Qxd4 Qd5 13. Qa4+ Bd7 14. Nxd7
Qxd7 15. Qb3 e6 16. Bf4 Be7 17. Rd1 Qc6 18. Na3 O-O 19. Nc4 Nd5 20. Ne5 Qa6 21.
Bg3 Rab8 22. Qc2 Rfc8 23. Qd2 Rb5 24. a3 Rbc5 25. Rac1 h6 26. Rxc5 Rxc5 27. Nd3
Rc8 28. h4 Qa4 29. f4 Rc2 30. Qe1 Bf6 31. Rd2 Qb3 32. Qe2 Rxd2 33. Qxd2 Bxb2 34.
Qxb2 Qxd3 35. Kh2 a6 36. Bf2 Kh7 37. g3 Nf6 38. Bc5 Nh5 39. Bf2 Nf6 40. Bc5 Ne4
41. Bd4 Qxg3+ 42. Kh1 Qxh4+ 43. Kg1 Qg4+ 44. Kh2 Qxf4+ {White resigns} 0-1

[Event "Team 45 45 League T46"]
[Site "Internet Chess Club"]
[Date "2010.09.13"]
[Round "6"]
[White "Karpyan"]
[Black "Atlantis"]
[Result "1/2-1/2"]
[WhiteElo "1873"]
[BlackElo "1886"]
[Opening "Catalan opening"]
[ECO "E00"]
[Time "16:05:45"]
[TimeControl "2700+45"]

1. d4 Nf6 2. c4 e6 3. g3 d5 4. Nf3 b6 5. Bg2 Bb7 6. O-O Be7 7. Nc3 O-O 8. Bf4
dxc4 9. Ne5 Bxg2 10. Kxg2 c5 11. dxc5 Bxc5 12. Nxc4 Nc6 13. Qxd8 Rfxd8 14. Rad1
Rxd1 15. Rxd1 Rd8 16. Rxd8+ Nxd8 17. Bg5 Kf8 18. a3 Nc6 19. b4 Bd4 20. b5 Bxc3
21. bxc6 Ke7 22. Bf4 b5 23. Nd6 Nd5 24. Nxb5 Nxf4+ 25. gxf4 Bb2 26. Nxa7 Kd6 27.
Kf3 Kc7 {Game drawn by mutual agreement} 1/2-1/2